% Time on Ice - PHOENIX MUSTANGS
Lines # - Real PCT - Wanted PCT - Time Play
Normal Forward
1 - 36% - 40% - 15:19
2 - 31% - 31% - 13:22
3 - 24% - 24% - 10:18
4 - 9% - 5% - 3:52
Normal Defense
1 - 41% - 48% - 17:26
2 - 38% - 37% - 16:17
3 - 20% - 15% - 8:43
4 - 1% - 0% - 0:25
PP Forward
1 - 45% - 55% - 5:24
2 - 55% - 45% - 6:31
PP Defense
1 - 50% - 55% - 5:58
2 - 50% - 45% - 5:57
PK Forward
1 - 64% - 55% - 3:20
2 - 36% - 45% - 1:54
PK Defense
1 - 41% - 55% - 2:09
2 - 59% - 45% - 3:05
PK3 Forward
1 - 0% - 55%
2 - 0% - 45%
PK3 Defense
1 - 0% - 55%
2 - 0% - 45%
44 Forward
1 - 0% - 55%
2 - 0% - 45%
44 Defense
1 - 0% - 55%
2 - 0% - 45%
Last Minute Offensive  - 0:00
Last Minute Defensive  - 0:00
Total
Forward - 60:00
Defense - 60:00
% Time on Ice - SEATTLE GRUNGE
Lines # - Real PCT - Wanted PCT - Time Play
Normal Forward
1 - 34% - 37% - 14:41
2 - 29% - 31% - 12:28
3 - 20% - 23% - 8:22
4 - 17% - 9% - 7:20
Normal Defense
1 - 38% - 45% - 16:09
2 - 30% - 35% - 12:48
3 - 32% - 20% - 13:54
4 - 0% - 0% - 0:00
PP Forward
1 - 59% - 55% - 3:04
2 - 41% - 45% - 2:10
PP Defense
1 - 51% - 55% - 2:39
2 - 49% - 45% - 2:35
PK Forward
1 - 58% - 55% - 6:52
2 - 42% - 45% - 5:03
PK Defense
1 - 54% - 55% - 6:26
2 - 46% - 45% - 5:29
PK3 Forward
1 - 0% - 55%
2 - 0% - 45%
PK3 Defense
1 - 0% - 55%
2 - 0% - 45%
44 Forward
1 - 0% - 55%
2 - 0% - 45%
44 Defense
1 - 0% - 55%
2 - 0% - 45%
Last Minute Offensive  - 0:00
Last Minute Defensive  - 0:00
Total
Forward - 60:00
Defense - 60:00
Play-by-Play 1st period 0:01 of 1st period - Tyler Seguin wins face-off versus Kevin Hayes in neutral zone. 0:01 of 1st period - Jake Guentzel is hit by Kevin Hayes and loses puck. 0:06 of 1st period - Minor Penalty to T.J. Oshie for Holding Stick. 0:07 of 1st period - Tyler Seguin wins face-off versus Kevin Hayes in PHOENIX MUSTANGS zone. 0:08 of 1st period - Shot by Roman Josi. 0:08 of 1st period - Deflect By Jake Guentzel. 0:08 of 1st period - Stopped by Joonas Korpisalo without a rebound. 0:09 of 1st period - Nicklas Backstrom wins face-off versus Chris Tierney in PHOENIX MUSTANGS zone. 1:08 of 1st period - Shot by Jake Guentzel. 1:08 of 1st period - Stopped by Joonas Korpisalo without a rebound. 1:09 of 1st period - Kevin Hayes wins face-off versus Tyler Seguin in PHOENIX MUSTANGS zone. 1:18 of 1st period - Shot by Roman Josi. 1:18 of 1st period - Stopped by Joonas Korpisalo with a rebound. 1:20 of 1st period - Shot by Darnell Nurse. 1:20 of 1st period - Shot Misses the Net. 1:22 of 1st period - Shot by Darnell Nurse. 1:22 of 1st period - Goal by Darnell Nurse - PHOENIX MUSTANGS : 0 - SEATTLE GRUNGE : 1. 1:23 of 1st period - Teuvo Teravainen wins face-off versus Wayne Simmonds in neutral zone. 1:46 of 1st period - Shot by Brian Boyle. 1:46 of 1st period - Stopped by Joonas Korpisalo without a rebound. 1:47 of 1st period - Mats Zuccarello wins face-off versus Kevin Hayes in PHOENIX MUSTANGS zone. 1:56 of 1st period - Shot by Jake Guentzel. 1:56 of 1st period - Shot Misses the Net. 2:18 of 1st period - Shot by Jake Guentzel. 2:18 of 1st period - Shot Misses the Net. 2:28 of 1st period - Shot by Jake Guentzel. 2:28 of 1st period - Shot Misses the Net. 2:30 of 1st period - Shot by Damon Severson. 2:30 of 1st period - Goal by Damon Severson - PHOENIX MUSTANGS : 0 - SEATTLE GRUNGE : 2. 2:31 of 1st period - Clayton Keller wins face-off versus Chris Tierney in neutral zone. 3:03 of 1st period - Clayton Keller is hit by Darnell Nurse and loses puck. 4:29 of 1st period - Icing by Erik Karlsson. 4:30 of 1st period - Tyler Seguin wins face-off versus Kevin Hayes in PHOENIX MUSTANGS zone. 4:53 of 1st period - Shot by Jake Guentzel. 4:53 of 1st period - Shot Blocked by Erik Karlsson. 6:45 of 1st period - Shot by Teuvo Teravainen. 6:45 of 1st period - Stopped by Semyon Varlamov with a rebound. 6:51 of 1st period - Shot by Andrew Copp. 6:51 of 1st period - Shot Blocked by Justin Schultz. 6:53 of 1st period - Shot by Drew Doughty. 6:53 of 1st period - Shot Misses the Net. 7:03 of 1st period - Shot by Teuvo Teravainen. 7:03 of 1st period - Shot Blocked by Justin Schultz. 7:56 of 1st period - Minor Penalty to Damon Severson for Tripping. 7:57 of 1st period - Chris Tierney wins face-off versus Andrew Copp in SEATTLE GRUNGE zone. 9:14 of 1st period - Shot by Erik Karlsson. 9:14 of 1st period - Shot Blocked by Travis Sanheim. 9:16 of 1st period - Shot by Jonas Brodin. 9:16 of 1st period - Stopped by Semyon Varlamov without a rebound. 9:17 of 1st period - Kevin Hayes wins face-off versus Brian Boyle in SEATTLE GRUNGE zone. 10:10 of 1st period - Shot by Christian Dvorak. 10:10 of 1st period - Stopped by Semyon Varlamov with a rebound. 10:12 of 1st period - Shot by Christian Dvorak. 10:12 of 1st period - Stopped by Semyon Varlamov without a rebound. 10:13 of 1st period - Jason Spezza wins face-off versus Clayton Keller in SEATTLE GRUNGE zone. 10:26 of 1st period - Travis Sanheim is hit by Jesper Fast and loses puck. 11:03 of 1st period - Icing by Travis Sanheim. 11:04 of 1st period - Jason Spezza wins face-off versus Teuvo Teravainen in SEATTLE GRUNGE zone. 11:04 of 1st period - Jason Spezza is hit by Andrew Copp. 11:10 of 1st period - Erik Karlsson is hit by Ryan Reaves and loses puck. 11:35 of 1st period - Shot by Teuvo Teravainen. 11:35 of 1st period - Deflect By Christian Dvorak. 11:35 of 1st period - Stopped by Semyon Varlamov without a rebound. 11:36 of 1st period - Tyler Seguin wins face-off versus Kevin Hayes in SEATTLE GRUNGE zone. 11:47 of 1st period - Shot by Mats Zuccarello. 11:47 of 1st period - Shot Misses the Net. 11:49 of 1st period - Shot by Jake Guentzel. 11:49 of 1st period - Shot Misses the Net. 12:15 of 1st period - Shot by Mats Zuccarello. 12:15 of 1st period - Shot Blocked by Dennis Cholowski. 12:19 of 1st period - Shot by Jake Guentzel. 12:19 of 1st period - Stopped by Joonas Korpisalo without a rebound. 12:20 of 1st period - Chris Tierney wins face-off versus Teuvo Teravainen in PHOENIX MUSTANGS zone. 12:31 of 1st period - Shot by Vladislav Namestnikov. 12:31 of 1st period - Stopped by Joonas Korpisalo without a rebound. 12:32 of 1st period - Clayton Keller wins face-off versus Brian Boyle in PHOENIX MUSTANGS zone. 12:32 of 1st period - Clayton Keller is hit by Carl Hagelin. 13:12 of 1st period - Jesper Fast is hit by Roman Josi and loses puck. 13:16 of 1st period - Icing by Wayne Simmonds. 13:17 of 1st period - Brian Boyle wins face-off versus Kevin Hayes in SEATTLE GRUNGE zone. 14:58 of 1st period - Matthew Grzelcyk is hit by Drew Doughty and loses puck. 15:24 of 1st period - Ryan Reaves is hit by Drew Doughty and loses puck. 16:11 of 1st period - Shot by Wayne Simmonds. 16:11 of 1st period - Stopped by Joonas Korpisalo without a rebound. 16:12 of 1st period - Chris Tierney wins face-off versus Jordan Greenway in PHOENIX MUSTANGS zone. 16:13 of 1st period - Shot by Josh Bailey. 16:13 of 1st period - Shot Misses the Net. 16:21 of 1st period - Icing by Josh Bailey. 16:22 of 1st period - T.J. Oshie wins face-off versus Chris Tierney in SEATTLE GRUNGE zone. 16:39 of 1st period - Shot by Chris Tierney. 16:39 of 1st period - Shot Misses the Net. 17:23 of 1st period - Icing by Nicklas Backstrom. 17:24 of 1st period - Brian Boyle wins face-off versus Kevin Hayes in PHOENIX MUSTANGS zone. 18:17 of 1st period - Icing by Matthew Grzelcyk. 18:18 of 1st period - Tyler Seguin wins face-off versus Teuvo Teravainen in SEATTLE GRUNGE zone. 18:25 of 1st period - Icing by Jake Guentzel. 18:26 of 1st period - Tyler Seguin wins face-off versus Teuvo Teravainen in SEATTLE GRUNGE zone. 19:38 of 1st period - Shot by Alexander Steen. 19:38 of 1st period - Shot Misses the Net. 19:40 of 1st period - Shot by Alexander Steen. 19:40 of 1st period - Stopped by Semyon Varlamov without a rebound. 19:41 of 1st period - Chris Tierney wins face-off versus Jordan Greenway in SEATTLE GRUNGE zone. 19:41 of 1st period - Vladislav Namestnikov is hit by David Backes. 19:55 of 1st period - Shot by Josh Bailey. 19:55 of 1st period - Stopped by Joonas Korpisalo with a rebound. 19:57 of 1st period - Shot by Josh Bailey. 19:57 of 1st period - Stopped by Joonas Korpisalo without a rebound. 19:58 of 1st period - Brian Boyle wins face-off versus Clayton Keller in PHOENIX MUSTANGS zone. Goals for this period are 0 for PHOENIX MUSTANGS vs 2 for SEATTLE GRUNGE. Shots for this period are 6 for PHOENIX MUSTANGS vs 11 for SEATTLE GRUNGE. 2nd period 0:01 of 2nd period - Chris Tierney wins face-off versus Teuvo Teravainen in neutral zone. 0:01 of 2nd period - Chris Tierney is hit by Christian Dvorak. 0:07 of 2nd period - Shot by Josh Bailey. 0:07 of 2nd period - Stopped by Joonas Korpisalo with a rebound. 1:40 of 2nd period - Tyler Seguin is hit by Drew Doughty and loses puck. 1:53 of 2nd period - Shot by T.J. Oshie. 1:53 of 2nd period - Shot Blocked by Matthew Grzelcyk. 2:29 of 2nd period - Off-side. 2:30 of 2nd period - Chris Tierney wins face-off versus Clayton Keller in neutral zone. 3:38 of 2nd period - Shot by Tyler Seguin. 3:38 of 2nd period - Stopped by Joonas Korpisalo without a rebound. 3:39 of 2nd period - Brian Boyle wins face-off versus Teuvo Teravainen in PHOENIX MUSTANGS zone. 3:47 of 2nd period - Icing by Andrew Copp. 3:48 of 2nd period - Teuvo Teravainen wins face-off versus Mats Zuccarello in PHOENIX MUSTANGS zone. 3:48 of 2nd period - Teuvo Teravainen is hit by Tyler Seguin. 4:09 of 2nd period - Christian Dvorak is hit by Mats Zuccarello and loses puck. 4:10 of 2nd period - Minor Penalty to Mats Zuccarello for Cross-checking. 4:11 of 2nd period - Kevin Hayes wins face-off versus Chris Tierney in SEATTLE GRUNGE zone. 4:45 of 2nd period - Icing by Nicklas Backstrom. 4:46 of 2nd period - Kevin Hayes wins face-off versus Brian Boyle in PHOENIX MUSTANGS zone. 4:59 of 2nd period - Shot by Erik Karlsson. 4:59 of 2nd period - Shot Hit the Post. 6:39 of 2nd period - Shot by T.J. Oshie. 6:39 of 2nd period - Stopped by Semyon Varlamov with a rebound. 7:21 of 2nd period - Shot by Jake Guentzel. 7:21 of 2nd period - Stopped by Joonas Korpisalo without a rebound. 7:22 of 2nd period - Brian Boyle wins face-off versus Teuvo Teravainen in PHOENIX MUSTANGS zone. 7:27 of 2nd period - Shot by Roman Josi. 7:27 of 2nd